 Dungeon Crawl Stone Soup version 0.30-a0-728-gc68057be0a (console) character file.

Game seed: 13061274577770807073

98 rlgrobin the Changer (level 4, -1/34 HPs)
             Began as a Gnoll Wanderer on Jan 31, 2023.
             Slain by Natasha (7 damage)
             ... on level 2 of the Dungeon.
             The game lasted 00:05:27 (1937 turns).

rlgrobin the Changer (Gnoll Wanderer)               Turns: 1937, Time: 00:05:28

Health: -1/34      AC:  3    Str:  8    XL:     4   Next: 69%
Magic:  8/8        EV: 12    Int: 13    God:
Gold:   87         SH:  0    Dex: 15    Spells: 7/9 levels left

rFire   . . .      SeeInvis .    a - +0 dagger
rCold   . . .      Faith    .    (no shield)
rNeg    . . .      Spirit   .    c - +0 robe
rPois   .          Reflect  .    (no helmet)
rElec   .          Harm     .    (no cloak)
rCorr   .          Rampage  .    d - +0 pair of gloves
Will    .....                    (no boots)
Stlth   +++                      (no amulet)
HPRegen 0.25/turn                (no ring)
MPRegen 0.11/turn                (no ring)

@: slowed, very slow
A: fangs 1, strong nose, distributed training
a: no special abilities


You were on level 2 of the Dungeon.
You visited 1 branch of the dungeon, and saw 2 of its levels.

You collected 87 gold pieces.

Inventory:

Hand Weapons
 a - a +0 dagger (weapon)
Missiles
 m - 5 javelins (quivered)
Armour
 c - a +0 robe (worn)
 d - a +0 pair of gloves (worn)
Scrolls
 b - a scroll of teleportation
 f - 2 scrolls of silence {unknown}
 g - 2 scrolls of identify {unknown}
 j - a scroll of noise {unknown}
 n - a scroll of enchant armour {unknown}
 o - a scroll of poison {unknown}
Potions
 e - a potion of magic {unknown}
 h - 2 potions of heal wounds {unknown}
 i - a potion of degeneration {unknown}
 k - a potion of haste {unknown}
 l - a potion of mutation {unknown}


   Skills:
 + Level 2.8 Fighting
 + Level 1.2 Short Blades
 + Level 1.2 Long Blades
 + Level 1.2 Axes
 + Level 1.2 Maces & Flails
 + Level 1.2 Polearms
 + Level 1.2 Staves
 + Level 1.2 Ranged Weapons
 + Level 1.2 Throwing
 + Level 1.2 Armour
 + Level 1.2 Dodging
 + Level 4.3 Stealth
 + Level 1.2 Shields
 + Level 1.2 Unarmed Combat
 + Level 3.0 Spellcasting
 + Level 1.0 Conjurations
 + Level 1.0 Hexes
 + Level 1.0 Summonings
 + Level 1.0 Necromancy
 + Level 1.0 Translocations
 + Level 5.5 Transmutations
 + Level 3.9 Fire Magic
 + Level 1.0 Ice Magic
 + Level 1.0 Air Magic
 + Level 1.0 Earth Magic
 + Level 1.0 Poison Magic
 + Level 1.4 Invocations
 + Level 2.8 Evocations


You had 7 spell levels left.
You knew the following spells:

 Your Spells              Type           Power      Damage    Failure   Level
a - Beastly Appendage     Tmut           32%        N/A       2%          1
b - Foxfire               Conj/Fire      32%        2x1d5     9%          1

Your spell library contained the following spells:

 Spells                   Type           Power      Damage    Failure   Level
 Passwall                 Tmut/Erth      8%         N/A       9%          2
 Spider Form              Tmut/Pois      10%        N/A       19%         3
 Inner Flame              Hex/Fire       8%         N/A       24%         3
 Dazzling Flash           Conj/Hex       8%         N/A       41%         3
 Agony                    Necr           4%         N/A       99%         5
 Silence                  Hex/Air        2%         N/A       99%         5


Dungeon Overview and Level Annotations

Branches:
Dungeon (2/15)

Altars:

Annotations:
D:2 Natasha


Innate Abilities, Weirdness & Mutations

You have very sharp teeth.
Your uncanny sense of smell can sniff out nearby items.
Your experience applies equally to all skills.


Message History

You grow a pair of large bovine horns.
Your feet morph into talons.
Natasha mumbles some strange words.
Natasha shimmers violently.
Natasha casts a spell at you.
You feel yourself slow down.
Your transformation is almost over.
Natasha closely misses you.
There is a stone staircase leading down here.
You hit Natasha. You headbutt Natasha, but do no damage.
Natasha is moderately wounded.
Natasha claws you.
You hit Natasha. You headbutt Natasha, but do no damage.
Natasha is moderately wounded.
Natasha completely misses you.
You closely miss Natasha.
Natasha is moderately wounded.
Natasha casts a spell at you. The magic dart hits you!
Natasha mumbles some strange words.
You hit Natasha. Your bite misses Natasha.
Natasha is heavily wounded.
Natasha misses you.
You hit Natasha but do no damage. Your kick misses Natasha.
Your bite misses Natasha.
Natasha is heavily wounded.
Natasha casts a spell at you. The magic dart hits you!
The crimson imp blinks!
You hit Natasha. Your kick misses Natasha. Your headbutt misses Natasha.
Natasha is heavily wounded.
Natasha stares at you and mumbles some strange words.
The magic dart hits you. Natasha claws you!
* * * LOW HITPOINT WARNING * * *
You hit Natasha but do no damage. Your headbutt misses Natasha.
Natasha is heavily wounded.
Natasha misses you.
You hit Natasha. Your kick misses Natasha.
Natasha is severely wounded.
Your horns disappear.
Your talons disappear.
Natasha barely misses you.
The crimson imp blinks!
Natasha claws you!
You die...

######## #..#.#.###.##...#
##########......###.##...#
........####.<##........##
#.##.##.# #..##.##.#####
..##.##.####........# ####
#............#...####
######...
#.##.##.######......#
#....†... #.##.##.#
#...##.# #.####.>.
........# #5.@##.### #.#
##.. ######### #.#.h....#
#.# ##.. #....#.#.# #.#
##... #....#.#.###.# #....
#..§.........####...
#..#.#........####..
#.............##....
###.#..........##.##.
##.....##.......##.##.


You could see Natasha and a crimson imp (summoned).

Vanquished Creatures
  Natasha (twice) (D:2)
  2 adders (D:2)
  A dart slug (D:1)
  3 endoplasms
  3 goblins
  3 hobgoblins (D:2)
  A quokka (D:2)
  4 ball pythons
  3 bats
  3 frilled lizards
  4 kobolds
  5 rats
34 creatures vanquished.

Vanquished Creatures (others)
  6 foxfires (D:2)
6 creatures vanquished.

Grand Total: 40 creatures vanquished

Notes
Turn   | Place    | Note
-------+----------+-------------------------------------------
     0 | D:1      | rlgrobin the Gnoll Wanderer began the quest for the Orb.
     0 | D:1      | rlgrobin set off with the following items: a +0 dagger, a
                  | scroll of teleportation, a +0 robe, a +0 pair of gloves;
                  | and the following spells available to memorise: Beastly
                  | Appendage, Foxfire, Passwall, Spider Form, Inner Flame.
     0 | D:1      | Reached XP level 1. HP: 17/17 MP: 4/4
     2 | D:1      | Learned a level 1 spell: Beastly Appendage
   588 | D:1      | Reached XP level 2. HP: 23/23 MP: 5/5
  1005 | D:1      | Learned a level 1 spell: Foxfire
  1173 | D:2      | Reached XP level 3. HP: 28/28 MP: 7/7
  1245 | D:2      | Reached skill level 1 in Invocations
  1521 | D:2      | Reached skill level 1 in Short Blades
  1521 | D:2      | Reached skill level 1 in Long Blades
  1521 | D:2      | Reached skill level 1 in Axes
  1521 | D:2      | Reached skill level 1 in Maces & Flails
  1521 | D:2      | Reached skill level 1 in Polearms
  1521 | D:2      | Reached skill level 1 in Staves
  1521 | D:2      | Reached skill level 1 in Ranged Weapons
  1521 | D:2      | Reached skill level 1 in Throwing
  1521 | D:2      | Reached skill level 1 in Armour
  1521 | D:2      | Reached skill level 1 in Dodging
  1521 | D:2      | Reached skill level 1 in Shields
  1521 | D:2      | Reached skill level 1 in Unarmed Combat
  1561 | D:2      | Noticed Natasha
  1565 | D:2      | Killed Natasha
  1566 | D:2      | Reached XP level 4. HP: 32/34 MP: 8/8
  1788 | D:2      | Noticed Natasha
  1796 | D:2      | Killed Natasha
  1797 | D:2      | Reached skill level 1 in Conjurations
  1797 | D:2      | Reached skill level 1 in Hexes
  1797 | D:2      | Reached skill level 1 in Summonings
  1797 | D:2      | Reached skill level 1 in Necromancy
  1797 | D:2      | Reached skill level 1 in Translocations
  1797 | D:2      | Reached skill level 1 in Ice Magic
  1797 | D:2      | Reached skill level 1 in Air Magic
  1797 | D:2      | Reached skill level 1 in Earth Magic
  1797 | D:2      | Reached skill level 1 in Poison Magic
  1925 | D:2      | Noticed Natasha
  1937 | D:2      | Slain by Natasha

Illustrated notes

Levels and vault maps discovered:
D:1:      matt_arrival_spirals, layout_loops_corners,
          nicolae_concentric_dashed_squares_wild
D:2:      layout_loops_cross, uniq_natasha

Skill      XL: |  1  2  3  4 |
---------------+-------------+-----
Invocations    | 1 |  1.4
Short Blades   | 1 |  1.2
Long Blades    | 1 |  1.2
Axes           | 1 |  1.2
Maces & Flails | 1 |  1.2
Polearms       | 1 |  1.2
Staves         | 1 |  1.2
Ranged Weapons | 1 |  1.2
Throwing       | 1 |  1.2
Armour         | 1 |  1.2
Dodging        | 1 |  1.2
Shields        | 1 |  1.2
Unarmed Combat | 1 |  1.2
Spellcasting   | 3 |  3.0
Conjurations   | 1 |  1.0
Hexes          | 1 |  1.0
Summonings     | 1 |  1.0
Necromancy     | 1 |  1.0
Translocations | 1 |  1.0
Ice Magic      | 1 |  1.0
Air Magic      | 1 |  1.0
Earth Magic    | 1 |  1.0
Poison Magic   | 1 |  1.0
Fighting       | |  2.8
Stealth        | |  4.3
Transmutations | |  5.5
Fire Magic     | |  3.9
Evocations     | |  2.8

Action                     |  1- 3 |  4- 6 || total
---------------------------+-------+-------++-------
  Melee: Dagger            |    78 |    15 ||    93
         Punch             |     3 |       ||     3
         Bite              |     8 |       ||     8
         Headbutt          |     2 |     3 ||     5
         Kick              |     1 |     1 ||     2
   Cast: Beastly Appendage |     6 |     2 ||     8
         Foxfire           |     4 |     2 ||     6
   Stab: Sleeping          |    13 |     1 ||    14
 Armour: Robe              |    13 |       ||    13
  Dodge: Dodged            |    43 |     7 ||    50

Table legend: (Time is in decaauts)
 A = Elapsed time spent in this place.
 B = Non-inter-level travel time spent in this place.
 C = Inter-level travel time spent in this place.
 D = Time resting spent in this place.
 E = Time spent auto-exploring this place.
 F = Levels seen in this place.
 G = Mean time per level.
                   A        B        C        D        E       F      G
               +--------+--------+--------+--------+--------+-----+--------+
         Total |   1938 |   1878 |     60 |    161 |   1279 |   2 |  969.0 |
       Dungeon |   1938 |   1878 |     60 |    161 |   1279 |   2 |  969.0 |
               +--------+--------+--------+--------+--------+-----+--------+

Top non-repeatable levels by time:
     D:1: 1014 daAuts
     D:2: 923 daAuts
